Match 47130789
Unlisted

Match 47130789
End
Construct Infanterie Kompanie
MG 42 Machine Gun Team
Grenadier Squad
GrW 34 Mortar Team
Selects Mechanized Battlegroup
Grenadier Squad
Selects Mobile Repair Stations
Construct Luftwaffe Kompanie
Jäger Squad
Luftwaffe Officer Quarters
Medical Bunker
Support Elements
221 Scout Car
Marder III M Tank Destroyer
Jäger Squad
Selects Wespe Self-propelled Artillery
Medical Bunker
Wespe Self-propelled Artillery
Construct Panzer Kompanie
Selects Zeroing Artillery Barrage
Stoßtruppen Squad
Zeroing Artillery Barrage
Selects Raid Package
Panzer Officer Quarters
Panzer IV Medium Tank
Medical Station
Zeroing Artillery Barrage
Selects StuG Assault Group
Stoßtruppen Squad
Medical Bunker
Selects UNKNOWN (2160084)
KingDarBoja
High Voltage
KoalaImpala
Tanith's Finest
Drink||Chouchen
Drink||Karmeliet
Drink||PiconBiere
Drink||Belzebuth
0
0

Comments sign in to comment!

No comments posted yet!